 Dungeon Crawl Stone Soup version 0.28-a0-239-g68911e0c57 (webtiles) character file.

Game seed: 3458493483615578871

724 Colgate the Twirler (level 8, -3/60 HPs)
             Began as a Formicid Fighter on Aug 23, 2021.
             Succumbed to a scorpion's poison
             ... on level 5 of the Dungeon.
             The game lasted 00:03:47 (8003 turns).

Colgate the Twirler (Formicid Fighter)              Turns: 8003, Time: 00:03:47

Health: -3/60      AC: 10    Str: 22    XL:     8   Next: 2%
Magic:  8/8        EV:  9    Int:  9    God:
Gold:   149        SH:  9    Dex: 10    Spells: 7/7 levels left

rFire   . . .      SeeInvis +   Y - +0 quarterstaff
rCold   . . .      Faith    .   c - +0 kite shield
rNeg    . . .      Spirit   .   b - +0 scale mail
rPois   .          Reflect  .   (helmet unavailable)
rElec   .          Harm     .   a - +1 cloak
rCorr   .          Rampage  .   f - +0 pair of gloves
Will    .....                   (no boots)
Stlth   ..........              (no amulet)
HPRegen 0.20/turn               (no ring)
MPRegen 0.11/turn               (no ring)

@: lethally poisoned (-3 -> -20)
A: permanent stasis, dig shafts and tunnels, antennae 3, four strong arms
a: Dig, Shaft Self


You were on level 5 of the Dungeon.
You visited 1 branch of the dungeon, and saw 5 of its levels.

You collected 231 gold pieces.
You spent 82 gold pieces at shops.


Innate Abilities, Weirdness & Mutations

You cannot be hasted, slowed, berserked, paralysed or teleported.
You can dig through walls and to a lower floor.
You have a pair of large antennae on your head. (SInv)
Your four strong arms can wield two-handed weapons with a shield.


   Skills:
 - Level 4.1 Fighting
 + Level 7.0 Staves
 - Level 3.2 Armour
 - Level 1.0 Dodging
 - Level 5.8 Shields


You had 7 spell levels left.
You didn't know any spells.
Your spell library was empty.

Inventory:

Hand Weapons
 Y - a +0 quarterstaff (weapon)
Armour
 a - a +1 cloak (worn)
 b - a +0 scale mail (worn)
 c - a +0 kite shield (worn)
 f - a +0 pair of gloves (worn)
Jewellery
 e - a +4 ring of slaying {mikee}
Scrolls
 g - a scroll of torment {unknown}
 i - 3 scrolls of identify
Potions
 d - a potion of might
 h - 4 potions of curing

Dungeon Overview and Level Annotations

Branches:
Dungeon (5/15)
 Temple: D:4-7

Altars:
Gozag

Shops:
D:2 ?[!   D:3 *

Annotations:
D:2 1 runed translucent door, Crazy Yiuf


Message History

You barely miss Sigmund.
Sigmund is almost dead.
You feel sick. The scorpion stings you.
You are more poisoned.
The scorpion poisons you! You block Sigmund's attack.
Your shield prevents you from hitting Sigmund.
Sigmund is almost dead.
You feel very sick. You block the scorpion's attack.
The scorpion stings you but does no damage.
Sigmund barely misses you.
You barely miss Sigmund.
Sigmund is almost dead.
You feel very sick. The scorpion stings you.
You are lethally poisoned!
The scorpion poisons you!
You sock Sigmund!
You kill Sigmund!
You feel very sick. The scorpion closely misses you.
The scorpion barely misses you.
Your Shields skill increases to level 5!
You have reached level 8!
You feel clever.
You sock the scorpion!
The scorpion is heavily wounded.
You feel very sick.
The scorpion stings you but does no damage.
You hit the scorpion but do no damage.
The scorpion is heavily wounded.
You feel very sick. The scorpion stings you.
You are more poisoned.
The scorpion poisons you!
You hit the scorpion.
The scorpion is heavily wounded.
You feel very sick.
The scorpion stings you but does no damage.
You sock the scorpion!
You kill the scorpion!
You die...

.... #... #... ... ###..
.#.#.... ###....#######
...............)#.....#
......#........%@...#.####.#
....................!......#
................#.#.#.####.#
..................#.#.#
................###.#..
................###.######
.........................#
.....#..............####.#
..................#.#


There were no monsters in sight!

Vanquished Creatures
  Sigmund (D:5)
  A water moccasin (D:5)
  An ogre (D:5)
  A necrophage (D:4)
  2 scorpions (D:5)
  A hound (D:4)
  12 adders
  2 worms
  3 dart slugs
  3 orcs (D:4)
  6 endoplasms
  2 giant cockroaches (D:3)
  5 goblins
  6 hobgoblins
  14 jackals
  3 quokkas
  13 ball pythons
  6 bats
  3 frilled lizards
  8 kobolds
  4 rats
97 creatures vanquished.

Vanquished Creatures (others)
  2 fungi (D:2)
2 creatures vanquished.

Grand Total: 99 creatures vanquished

Notes
Turn   | Place    | Note
-------+----------+-------------------------------------------
     0 | D:1      | Colgate the Formicid Fighter began the quest for the Orb.
     0 | D:1      | Reached XP level 1. HP: 18/18 MP: 1/1
     0 | D:1      | 0 ||| counter = 3
   235 | D:1      | Reached XP level 2. HP: 23/24 MP: 2/2
   263 | D:1      | 263 ||| Stepping ~*~*~tactically~*~*~ (outnumbered).
   270 | D:1      | Reached skill level 3 in Staves
   306 | D:1      | Found a faded altar of an unknown god.
   877 | D:1      | Reached XP level 3. HP: 29/29 MP: 3/3
  4015 | D:1      | 4015 ||| READING scroll labelled FALOGA RYEWI.
  4016 | D:1      | 4016 ||| READING 2 scrolls labelled BAORIDI TEOZEP.
  4017 | D:1      | 4017 ||| READING scroll labelled REHO DEASHIGGU.
  4018 | D:1      | 4018 ||| DROPPING scroll of fear.
  4083 | D:2      | Found an opulent altar of Gozag.
  4301 | D:2      | Reached skill level 4 in Staves
  4301 | D:2      | Reached XP level 4. HP: 30/35 MP: 4/4
  4423 | D:2      | Found Voeqegg's Distillery.
  4429 | D:2      | 4429 ||| SHOPLISTING potion of cancellation (80 gold, have
                  | 50).
  4429 | D:2      | 4429 ||| BUYING potion of curing (30 gold).
  4429 | D:2      | Bought a potion of curing for 30 gold pieces
  4429 | D:2      | 4429 ||| SHOPLISTING potion of curing (30 gold, have 20).
  4429 | D:2      | 4429 ||| SHOPLISTING potion of heal wounds (50 gold, have
                  | 20).
  4429 | D:2      | 4429 ||| SHOPLISTING potion of might (40 gold, have 20).
  4429 | D:2      | 4429 ||| SHOPLISTING potion of mutation (80 gold, have 20).
  4553 | D:2      | Found Zeomp's Armour Shop.
  4561 | D:2      | 4561 ||| SHOPLISTING +0 chain mail (58 gold, have 20).
  4903 | D:2      | Found Wivic's Magic Scroll Emporium.
  4911 | D:2      | 4911 ||| SHOPLISTING scroll of enchant armour (97 gold,
                  | have 39).
  4911 | D:2      | 4911 ||| SHOPLISTING scroll of enchant weapon (97 gold,
                  | have 39).
  4911 | D:2      | 4911 ||| BUYING scroll of identify (26 gold).
  4911 | D:2      | Bought a scroll of identify for 26 gold pieces
  4911 | D:2      | 4911 ||| SHOPLISTING scroll of identify (26 gold, have 13).
  4950 | D:2      | Found a runed translucent door.
  4951 | D:2      | Noticed Crazy Yiuf
  5136 | D:2      | 5136 ||| DROPPING amulet of magic regeneration.
  5137 | D:2      | 5137 ||| READING scroll labelled XUAMU HARCH.
  5138 | D:2      | 5138 ||| READING scroll labelled FUEGAY HEUNY.
  5139 | D:2      | 5139 ||| DRINKING 2 fuming orange potions.
  5140 | D:2      | 5140 ||| READING 2 scrolls of identify.
  5140 | D:2      | 5140 ||| IDENTIFYING ruby potion
  5141 | D:2      | 5141 ||| DROPPING potion of berserk rage.
  5142 | D:2      | 5142 ||| DROPPING potion of invisibility.
  5275 | D:3      | Reached XP level 5. HP: 41/41 MP: 5/5
  5341 | D:3      | Found Peuqy's General Store.
  5361 | D:3      | 5361 ||| SHOPLISTING ring "Ichascha" {rPois rC+ Str+3} (523
                  | gold, have 36).
  5361 | D:3      | 5361 ||| BUYING scroll of identify (26 gold).
  5361 | D:3      | Bought a scroll of identify for 26 gold pieces
  5361 | D:3      | 5361 ||| SHOPLISTING wand of mindburst (10) (182 gold, have
                  | 10).
  5510 | D:3      | Reached skill level 5 in Staves
  5831 | D:3      | 5831 ||| READING scroll labelled JOROKK KOFOPLO.
  5832 | D:3      | 5832 ||| READING scroll labelled AJYAZ BESSODOCH.
  5865 | D:4      | 5865 ||| STAIRDANCE
  5887 | D:4      | 5887 ||| Stepping ~*~*~tactically~*~*~ (outnumbered).
  5888 | D:4      | 5888 ||| Stepping ~*~*~tactically~*~*~ (outnumbered).
  5891 | D:4      | 5891 ||| Stepping ~*~*~tactically~*~*~ (outnumbered).
  5892 | D:4      | 5892 ||| Stepping ~*~*~tactically~*~*~ (outnumbered).
  5893 | D:4      | 5893 ||| Stepping ~*~*~tactically~*~*~ (outnumbered).
  5895 | D:4      | 5895 ||| Stepping ~*~*~tactically~*~*~ (outnumbered).
  5896 | D:4      | 5896 ||| Stepping ~*~*~tactically~*~*~ (outnumbered).
  5897 | D:4      | 5897 ||| Stepping ~*~*~tactically~*~*~ (outnumbered).
  5898 | D:4      | 5898 ||| Stepping ~*~*~tactically~*~*~ (outnumbered).
  5899 | D:4      | 5899 ||| Stepping ~*~*~tactically~*~*~ (outnumbered).
  5906 | D:4      | Reached skill level 1 in Dodging
  6442 | D:4      | Reached XP level 6. HP: 47/47 MP: 6/6
  6536 | D:4      | Noticed a necrophage
  6548 | D:4      | Killed a necrophage
  6947 | D:4      | Reached skill level 6 in Staves
  6963 | D:4      | Identified the +0 leather armour of Daacu {rPois Str+4
                  | Dex-3}
  7621 | D:4      | 7621 ||| UPGRADING to +1 cloak.
  7626 | D:4      | 7626 ||| DROPPING +0 leather armour of Daacu {rPois Str+4
                  | Dex-3}.
  7627 | D:4      | 7627 ||| UPGRADING to +0 pair of gloves.
  7649 | D:5      | Entered Level 5 of the Dungeon
  7656 | D:5      | Reached XP level 7. HP: 47/54 MP: 7/7
  7656 | D:5      | 7656 ||| STAIRDANCE
  7733 | D:5      | Noticed a water moccasin
  7745 | D:5      | Killed a water moccasin
  7823 | D:5      | Reached skill level 7 in Staves
  7980 | D:5      | Noticed Sigmund
  7999 | D:5      | Killed Sigmund
  7999 | D:5      | HP: 13/54 [poisoned by a scorpion]
  8000 | D:5      | Reached XP level 8. HP: 15/60 MP: 8/8
  8002 | D:5      | HP: 1/60 [poisoned by a scorpion]
  8003 | D:5      | Succumbed to a scorpion's poison

Levels and vault maps discovered:
D:1:      dpeg_arrival_more_subterranean_lakeside_camping, layout_basic,
          chequers_ecumenical_altar_simple_redux
D:2:      layout_basic, basic_altar, serial_shops, shop, nicolae_shop_trees,
          shop_fountains, minmay_bisected, uniq_crazy_yiuf_cottage
D:3:      layout_loops_ring, serial_shops, shop, chequers_avenue
D:4:      minmay_chambers_of_twos, layout_basic, amethyst_killhole,
          chequers_serial_rivers_marsh
D:5:      layout_basic, kennysheep_mini, serial_park_tiny_2, uniq_sigmund

Skill      XL: |  1  2  3  4  5  6  7 |
---------------+----------------------+-----
Staves         | 3 4 5 6 7 |  7.0
Dodging        | 1 |  1.0
Shields        | 4 5 |  5.8
Fighting       | 4 |  4.1
Armour         | |  3.2

Action                   |  1- 3 |  4- 6 |  7- 9 || total
-------------------------+-------+-------+-------++-------
Melee: Quarterstaff      |   108 |   209 |    50 ||   367
  Use: Scroll            |     3 |     5 |       ||     8
       Potion            |       |     1 |       ||     1
Armor: Scale mail        |    64 |    76 |    18 ||   158
Dodge: Dodged            |    47 |    70 |    16 ||   133
Block: Kite shield       |    47 |    77 |    18 ||   142

Table legend:
 A = Non-vault XP
 B = Vault XP
 C = Vault XP percentage of total XP
 D = Non-vault monster count
 E = Vault monster count
 F = Vault count percentage of total count
                 A         B        C        D         E       F
            +---------+---------+-------+---------+---------+-------
      Total |     839 |     276 |  24.8 |      84 |      13 |  13.4
            +---------+---------+-------+---------+---------+-------
        D:1 |      55 |       0 |   0.0 |      30 |       0 |   0.0
        D:2 |      63 |      17 |  21.2 |      16 |       4 |  20.0
        D:3 |      45 |       0 |   0.0 |      12 |       0 |   0.0
        D:4 |     237 |      39 |  14.1 |      18 |       8 |  30.8
        D:5 |     439 |     220 |  33.4 |       8 |       1 |  11.1
            +---------+---------+-------+---------+---------+-------
